 Dungeon Crawl Stone Soup version 0.16.1-30-g34a7ffa (webtiles) character file.

679 hexophile the Grave Robber (level 7, -6/48 HPs)
             Began as a Human Necromancer on July 1, 2015.
             Mangled by an orc warrior
             ... wielding a +0 long sword
              (22 damage)
             ... on level 5 of the Dungeon.
             The game lasted 00:20:36 (5942 turns).

hexophile the Grave Robber (Human Necromancer)      Turns: 5942, Time: 00:20:36

Health: -6/48      AC:  6    Str: 11    XL:     7   Next: 92%
Magic:  18/18      EV: 13    Int: 18    God:
Gold:   152        SH:  0    Dex: 13    Spells: 4 memorised, 3 levels left

rFire  + . .     SeeInvis .     e - +0 hunting sling
rCold  . . .     Clarity  .     z - +2 robe {rF+}
rNeg   . . .     SustAb   .     (no shield)
rPois  .         Gourm    .     h - +0 helmet
rElec  .         Spirit   .     p - +0 cloak
rCorr  .         Warding  .     (no gloves)
rMut   .         Stasis   .     (no boots)
MR     .....                    (no amulet)
Stlth  ++........               (no ring)
                                r - +3 ring of strength

@: about to teleport, not resistant to hostile enchantments, unstealthy
A: no striking features
a: no special abilities


You were on level 5 of the Dungeon.
You were not hungry.

You visited 1 branch of the dungeon, and saw 6 of its levels.

You collected 152 gold pieces.

Inventory:

Hand weapons
 e - a +0 hunting sling (weapon)
 f - a +2 dagger of protection
 D - a +0 blowgun
Missiles
 g - 115 stones (quivered)
 l - 53 sling bullets
 s - 43 poisoned needles
Armour
 h - a +0 helmet (worn)
 p - a +0 cloak (worn)
 z - a +2 robe of fire resistance (worn)
Jewellery
 r - a +3 ring of strength (left hand)
Magical devices
 n - a wand of magic darts (25)
 u - a wand of magic darts (21)
Scrolls
 a - a scroll of enchant weapon
 o - 2 scrolls of teleportation
 v - a scroll of identify
 w - 5 scrolls of remove curse
 x - 2 scrolls of recharging {unknown}
 y - a scroll of blinking {unknown}
 A - a scroll of fog {unknown}
 C - a scroll of immolation {unknown}
Potions
 i - a potion of lignification
 m - a potion of restore abilities
 q - a potion of haste {unknown}
 t - 3 potions of heal wounds
 B - a potion of degeneration {unknown}
Books
 b - a book of Necromancy

   Spells                             Type                      Level
   a - Pain                           Necromancy                   1
   b - Animate Skeleton               Necromancy                   1
   c - Vampiric Draining              Necromancy                   3
   d - Regeneration                   Charms/Necromancy            3
   e - Animate Dead                   Necromancy                   4
   f - Control Undead                 Necromancy                   4
Comestibles
 c - 2 bread rations
 d - 2 fruits
 j - 5 meat rations
 k - 2 slices of pizza


   Skills:
 * Level 1.1 Fighting
 * Level 3.9 Dodging
 - Level 2.0 Stealth
 * Level 4.9 Spellcasting
 + Level 6.4 Necromancy


You had 3 spell levels left.
You knew the following spells:

 Your Spells              Type           Power        Failure   Level  Hunger
a - Pain                  Necr           ####         1%          1    None
b - Regeneration          Chrm/Necr      ###.......   14%         3    ###....
c - Animate Dead          Necr           N/A          12%         4    ####...
d - Control Undead        Necr           ####......   12%         4    ####...


Dungeon Overview and Level Annotations

Branches:
Dungeon (6/15)
 Temple: D:4-7

Altars:

Shops:
D:4 %

Annotations:
D:3 Damn orcs and Ilyab(?)\
D:5 2 runed doors, exclusion: 2 doors


Message History

You shoot a stone.
The stone barely misses the orc warrior.
The orc warrior hits you with a long sword!
Firing (i - inventory. (,) - cycle):
g - 117 stones (quivered)
Press: ? - help, Shift-Dir - straight line, f/p - orc warrior
Aim: an orc warrior, wielding a long sword and wearing a plate armour (lightly wounded)
You shoot a stone.
The stone closely misses the orc warrior.
The orc warrior barely misses you.
Firing (i - inventory. (,) - cycle):
g - 116 stones (quivered)
Press: ? - help, Shift-Dir - straight line, f/p - orc warrior
Aim: an orc warrior, wielding a long sword and wearing a plate armour (lightly wounded)
You shoot a stone.
The stone closely misses the orc warrior.
The orc warrior misses you.
Read which item? (? for menu, Esc to quit)
As you read the scroll of teleportation, it crumbles to dust.
You feel strangely unstable.
The orc warrior hits you with a long sword!!
You die...

###### ##########
#.....
.........####.....
................>.
.######..####.....
##....##.# #.....
#.####.#.####.....
#.# #..#..........
#@##.#.'.##++##..#
#.o####### ##.#
##.(( #.# #### #..
#.. #.#


You could see an orc warrior.

Vanquished Creatures
  A phantom (D:4)
  Sigmund (D:3)
  A scorpion (D:4)
  A crimson imp (D:5)
  A jelly (D:5)
  A hound (D:4)
  2 iguanas (D:4)
  A giant frog skeleton (D:4)
  An orc wizard (D:3)
  3 worker ants (D:4)
  Ijyb (D:3)
  A hound zombie (D:5)
  4 adders
  3 worms (D:4)
  2 giant geckos
  An ooze (D:3)
  6 orcs
  A bat skeleton (D:4)
  5 hobgoblins
  10 jackals
  5 kobolds
  2 quokkas
  2 ball pythons (D:1)
  9 bats
  4 giant cockroaches
  6 giant newts
  17 goblins
  A quokka zombie (D:5)
  6 rats
99 creatures vanquished.

Vanquished Creatures (collateral kills)
  A centaur skeleton (D:4)
  2 adders (D:3)
  An orc (D:3)
  A giant cockroach (D:3)
  A hobgoblin (D:3)
  2 jackals (D:3)
  An orc skeleton (D:3)
9 creatures vanquished.

Vanquished Creatures (others)
  2 orc skeletons (D:3)
  2 jackal zombies (D:4)
4 creatures vanquished.

Grand Total: 112 creatures vanquished

Notes
Turn   | Place    | Note
--------------------------------------------------------------
     0 | D:1      | hexophile, the Human Necromancer, began the quest for the Orb.
     0 | D:1      | Reached XP level 1. HP: 13/13 MP: 3/3
   220 | D:1      | Reached XP level 2. HP: 16/19 MP: 1/4
   885 | D:1      | Reached XP level 3. HP: 18/24 MP: 0/6
   890 | D:1      | Learned a level 3 spell: Regeneration
  1211 | D:2      | Reached XP level 4. HP: 25/30 MP: 1/8
  1563 | D:2      | Learned a level 4 spell: Animate Dead
  2522 | D:3      | Noticed Ijyb
  2696 | D:3      | Reached skill level 5 in Necromancy
  2696 | D:3      | Reached XP level 5. HP: 10/35 MP: 0/11
  2872 | D:3      | Killed Ijyb
  3263 | D:3      | Noticed Sigmund
  3342 | D:3      | Killed Sigmund
  3342 | D:3      | Reached XP level 6. HP: 15/41 MP: 4/13
  3785 | D:4      | Found Mecvipt's Food Shop.
  3814 | D:4      | Noticed a phantom
  4159 | D:4      | Killed a phantom
  4159 | D:4      | Reached XP level 7. HP: 28/46 MP: 15/17
  4288 | D:4      | Reached skill level 6 in Necromancy
  5431 | D:4      | Learned a level 4 spell: Control Undead
  5464 | D:5      | Entered Level 5 of the Dungeon
  5865 | D:5      | Found a large runed door.
  5865 | D:5      | Found a large runed door.
  5927 | D:5      | Reached skill level 1 in Fighting
  5942 | D:5      | Mangled by an orc warrior

Action                   |  1- 3 |  4- 6 |  7- 9 || total
-------------------------+-------+-------+-------++-------
Melee: Dagger            |    17 |     1 |    40 ||    58
 Fire: Hunting sling     |       |   157 |    78 ||   235
 Cast: Pain              |    50 |    78 |    45 ||   173
       Animate Dead      |       |     2 |     2 ||     4
       Control Undead    |       |       |     3 ||     3
  Use: Scroll            |       |     7 |     1 ||     8
       Potion            |       |     6 |       ||     6
 Stab: Distracted        |       |       |     2 ||     2
  Eat: Chunk             |     1 |     5 |     2 ||     8
       Bread ration      |       |     1 |     1 ||     2
       Fruit             |       |     1 |       ||     1
